 Dungeon Crawl Stone Soup version 0.14-a0-788-g14b720c (webtiles) character file.

2419 Malachi the Covered (level 9, 0/57 HPs)
             Began as a Formicid Hunter on Nov 10, 2013.
             Was a Follower of Makhleb.
             Succumbed to poison (a potion of poison)
             ... on Level 7 of the Dungeon.
             The game lasted 00:16:22 (6079 turns).

Malachi the Covered (Formicid Hunter)               Turns: 6079, Time: 00:16:23

HP   0/57        AC 14     Str 21      XL: 9   Next: 75%
MP   8/8         EV 10     Int  7 (10) God: Makhleb [*.....]
Gold 396         SH  0     Dex 16      Spells:  0 memorised,  8 levels left

Res.Fire  : + . .   See Invis. : +   u - +2,+0 whip (freeze)
Res.Cold  : + . .   Warding    : .   r - +0 plate armour
Life Prot.: . . .   Conserve   : .   (no shield)
Res.Poison: .       Res.Corr.  : .   (helmet unavailable)
Res.Elec. : +       Clarity    : .   (no cloak)
Sust.Abil.: . .     Spirit.Shd : .   (no gloves)
Res.Mut.  : .       Stasis     : +   (no boots)
Res.Rott. : .       Flight     : +   (no amulet)
Saprovore : . . .                    (no ring)
                                     (no ring)

@: agile, flying, very poisoned, somewhat resistant to hostile enchantments,
extremely unstealthy
A: permanent stasis, dig shafts and tunnels, four strong arms, poison weakness,
antennae 3, exoskeleton 1
a: Dig, Shaft Self, Renounce Religion


You were on level 7 of the Dungeon.
You worshipped Makhleb.
Makhleb was aware of your devotion.
You were not hungry.

You visited 2 branches of the dungeon, and saw 8 of its levels.

You collected 396 gold pieces.

Inventory:

Hand weapons
 p - a +0 blowgun
 s - a +0,+0 giant club
 u - a +2,+0 whip of freezing (weapon)
Missiles
 c - a throwing net
 d - a throwing net [torn]
 l - 4 large rocks (quivered)
 t - 3 curare-tipped needles
Armour
 r - a +0 plate armour (worn)
Magical devices
 o - a wand of flame (4)
Comestibles
 f - 7 bread rations
Scrolls
 e - 2 scrolls of amnesia
 g - a scroll of acquirement {unknown}
 h - a scroll of identify
 q - 9 scrolls of remove curse
 v - a scroll of fog
Potions
 i - a potion of magic
 j - a potion of resistance
 m - 3 potions of might
Books
 b - a book of Air

   Spells                             Type                      Level
   Shock                              Conjuration/Air              1
   Swiftness                          Charms/Air                   2
   Repel Missiles                     Charms/Air                   2
   Flight                             Charms/Air                   3
   Static Discharge                   Conjuration/Air              3
   Lightning Bolt                     Conjuration/Air              5


   Skills:
 + Level 4.7 Fighting
   Level 1.2 Short Blades
 * Level 6.6 Maces & Flails
 + Level 4.8 Throwing
 + Level 7.2 Armour
 + Level 4.0 Dodging
 - Level 1.4 Stealth
 - Level 0.2 Evocations


You had 8 spell levels left.
You didn't know any spells.

Dungeon Overview and Level Annotations

Branches:
Dungeon (7/27)             Temple (1/1) D:5
    Orc: D:6-11

Altars:
Ashenzari
Cheibriados
Elyvilon
Fedhas
Kikubaaqudgha
Makhleb
Nemelex Xobeh
Sif Muna
Trog
Vehumet
Xom
Zin
the Shining One

Shops:
D:5 ?*


Innate Abilities, Weirdness & Mutations

Your are under a permanent stasis effect.
You can dig through walls and to a lower floor.
Your four strong arms can wield any weapon, most with a shield.
You are susceptible to poison.
You have a pair of large antennae on your head (SInv).
Your body is surrounded by an exoskeleton. (HP +5, AC +1)


Message History

You start resting.
* * * LOW HITPOINT WARNING * * *
You feel very sick.
Drink which item? (? for menu, Esc to quit)
You feel protected.
* * * LOW HITPOINT WARNING * * *
You feel sick.
* * * LOW HITPOINT WARNING * * *
You feel very sick.
Items here: %% )) [ a worker ant corpse; an orcish dagger; an orcish robe; an orcish dagger an orc corpse
* * * LOW HITPOINT WARNING * * *
You feel sick.
Things that are here:
an orcish falchion; an uncursed orcish dagger
* * * LOW HITPOINT WARNING * * *
You feel sick.
l - 4 large rocks You die...

#[# # ...#
#. #..#
....##.###
#..#.
.......(@#
#..#.#
###.##.#)#
#..#.# . #
#%# #..#.#
#.# #)#
##..#.#
##.## #.#
....#.#
#... #.#
#...#.#
#..# #.#
#...#.#
#..# #.#
#.....#
#..# #.#


There were no monsters in sight!

Vanquished Creatures
  Pikel (D:7)
  Eustachio (D:4)
  The ghost of Scotch the Stinger, an average FoVM (D:4)
  A sky beast (D:5)
  An orc warrior (D:4)
  A slave (D:7)
  An ogre (D:6)
  A centaur (D:3)
  Sigmund (D:4)
  Duvessa (D:4)
  Blork the orc (D:6)
  2 giant frogs (D:7)
  Dowan (D:4)
  A giant frog zombie (D:5)
  3 orc priests
  A hound (D:7)
  A centaur skeleton (D:4)
  4 orc wizards
  2 iguanas
  3 worker ants (D:7)
  An ogre skeleton (D:4)
  A hound skeleton (D:7)
  4 adders
  A worm (D:7)
  An adder skeleton (D:5)
  5 giant geckos
  2 oozes (D:2)
  14 orcs
  A bat zombie (D:6)
  15 goblins
  10 hobgoblins
  17 jackals
  3 quokkas
  5 bats
  3 giant cockroaches
  5 giant newts
  A goblin skeleton (D:4)
  10 kobolds
  13 rats
141 creatures vanquished.

Notes
Turn   | Place    | Note
--------------------------------------------------------------
     0 | D:1      | Malachi, the Formicid Hunter, began the quest for the Orb.
     0 | D:1      | Reached XP level 1. HP: 17/17 MP: 0/0
   128 | D:1      | Reached XP level 2. HP: 22/22 MP: 1/1
   650 | D:2      | Reached XP level 3. HP: 26/26 MP: 2/2
   801 | D:2      | Reached skill level 1 in Armour
  1318 | D:3      | Reached XP level 4. HP: 29/32 MP: 3/3
  1506 | D:3      | Found a radiant altar of Vehumet.
  1831 | D:3      | Reached skill level 4 in Throwing
  2191 | D:3      | Reached skill level 1 in Maces & Flails
  2320 | D:3      | Found a blossoming altar of Fedhas.
  2320 | D:3      | Noticed a centaur
  2322 | D:3      | Killed a centaur
  2322 | D:3      | Reached XP level 5. HP: 11/36 MP: 4/4
  2322 | D:3      | Reached XP level 6. HP: 12/41 MP: 5/5
  2685 | D:4      | Noticed an orc warrior
  2703 | D:4      | Killed an orc warrior
  2826 | D:4      | Reached XP level 7. HP: 45/45 MP: 6/6
  2844 | D:4      | Noticed Duvessa
  2846 | D:4      | Noticed Dowan
  2854 | D:4      | Killed Duvessa
  2855 | D:4      | Killed Dowan
  2924 | D:4      | Noticed Eustachio
  2929 | D:4      | Killed Eustachio
  3174 | D:4      | Reached skill level 5 in Armour
  3174 | D:4      | Reached XP level 8. HP: 51/51 MP: 7/7
  3253 | D:4      | Noticed Sigmund
  3266 | D:4      | Killed Sigmund
  3317 | D:4      | Noticed Scotch's ghost (average FoVM)
  3322 | D:4      | Killed Scotch's ghost
  3338 | D:5      | Entered Level 5 of the Dungeon
  3492 | D:5      | Found Frunikhi's Magic Scroll Boutique.
  3639 | D:5      | Found a staircase to the Ecumenical Temple.
  3658 | Temple   | Entered the Ecumenical Temple
  4064 | Temple   | Became a worshipper of Makhleb the Destroyer
  4141 | D:5      | Found Ghuhy's Elemental Accessories.
  4723 | D:5      | Reached skill level 6 in Armour
  4857 | D:6      | Noticed Blork the orc
  4860 | D:6      | Killed Blork the orc
  5510 | D:6      | Reached XP level 9. HP: 56/56 MP: 8/8
  5824 | D:7      | Acquired Makhleb's first power
  5839 | D:7      | Noticed Pikel
  5851 | D:7      | Killed Pikel
  5851 | D:7      | Reached skill level 7 in Armour
  6078 | D:7      | HP: 2/57 [poison (a potion of poison)]
  6079 | D:7      | Succumbed to poison (a potion of poison)

Action                   |  1- 3 |  4- 6 |  7- 9 || total
-------------------------+-------+-------+-------++-------
Melee: Short sword       |    31 |       |       ||    31
       Mace              |    62 |    89 |    17 ||   168
       Flail             |       |       |    81 ||    81
       Whip              |       |       |    31 ||    31
       Giant club        |       |       |    28 ||    28
Throw: Large rock        |    11 |    15 |    60 ||    86
       Throwing net      |       |       |     1 ||     1
 Abil: Dig               |       |       |     3 ||     3
Evoke: Wand              |       |    10 |       ||    10
  Use: Scroll            |     3 |     7 |     6 ||    16
       Potion            |       |       |     6 ||     6
